 Dungeon Crawl Stone Soup version 0.19.0-2-gae57169 (webtiles) character file.

1181 poirepourri the Slasher (level 8, -7/42 HPs)
             Began as a Vine Stalker Fighter on Nov 3, 2016.
             Was an Initiate of Ashenzari.
             Shot with an arrow by a centaur (11 damage)
             ... on level 5 of the Dungeon.
             The game lasted 00:08:57 (3954 turns).

poirepourri the Slasher (Vine Stalker Fighter)      Turns: 3954, Time: 00:08:57

Health: -7/42      AC:  9    Str: 20    XL:     8   Next: 42%
Magic:  0/9        EV:  8    Int:  8    God:    Ashenzari [......]
Gold:   289        SH: 11    Dex: 15    Spells: 0 memorised, 7 levels left

rFire  . . .     SeeInvis .     a - +1 long sword
rCold  + . .     Gourm    .     b - +0 scale mail
rNeg   . . .     Faith    .     c - +1 shield
rPois  .         Spirit   +     e - +0 helmet (curse)
rElec  .         Reflect  .     (no cloak)
rCorr  .         Harm     .     (no gloves)
MR     +....                    q - +0 pair of boots (curse)
Stlth  ..........               l - amulet of magic regeneration (curse)
                                (no ring)
                                t - ring of protection from cold (curse)

@: no status effects
A: fangs 3, regeneration 1, magic shield, antimagic bite, no device heal 3, rot
immunity
a: Curse Item, Renounce Religion


You were on level 5 of the Dungeon.
You worshipped Ashenzari.
Ashenzari was noncommittal.
You were not hungry.

You visited 2 branches of the dungeon, and saw 6 of its levels.

You collected 289 gold pieces.

Inventory:

Hand Weapons
 a - a +1 long sword (weapon)
Missiles
 o - 6 javelins (quivered)
 u - 33 bolts
Armour
 b - a +0 scale mail (worn)
 c - a +1 shield (worn)
 e - a cursed +0 helmet (worn)
 q - a cursed +0 pair of boots (worn)
Jewellery
 i - an uncursed ring of teleportation
 l - a cursed amulet of magic regeneration (around neck)
 m - an uncursed ring of resist corrosion
 t - a cursed ring of protection from cold (left hand)
Wands
 h - a wand of flame (14/48)
 y - a wand of disintegration (16/24)
Scrolls
 p - a scroll of fear
 x - a scroll of amnesia
 B - a scroll of identify
 D - a scroll of magic mapping
Potions
 d - a potion of lignification {unknown}
 n - 3 potions of curing
 s - a potion of degeneration
 w - a potion of brilliance {unknown}
 z - 2 potions of haste {unknown}
 A - a potion of cure mutation {unknown}
Books
 j - a book of Air

   Spells                             Type                      Level
   a - Shock                          Conjuration/Air              1
   b - Swiftness                      Charms/Air                   2
   c - Repel Missiles                 Charms/Air                   2
   d - Static Discharge               Conjuration/Air              3
   e - Lightning Bolt                 Conjuration/Air              5
 C - Kukial's Papyrus of Igneous Clay
   (You found it on level 5 of the Dungeon)

   Spells                             Type                      Level
   a - Flame Tongue                   Conjuration/Fire             1
   b - Passwall                       Transmutation/Earth          2
   c - Stone Arrow                    Conjuration/Earth            3
   d - Inner Flame                    Hexes/Fire                   3
   e - Fireball                       Conjuration/Fire             5
   f - Lee's Rapid Deconstruction     Earth                        5
Comestibles
 f - a bread ration
 g - 9 fruits
 r - 2 slices of pizza


   Skills:
 + Level 4.2 Fighting
 + Level 5.5 Long Blades
 + Level 4.6 Armour
 + Level 2.0 Dodging
 + Level 0.3 Stealth
 + Level 4.5 Shields


You had 7 spell levels left.
You didn't know any spells.

Dungeon Overview and Level Annotations

Branches:
Dungeon (5/15)             Temple (1/1) D:4

Altars:
Ashenzari
Cheibriados
Dithmenos
Elyvilon
Fedhas
Hepliaklqana
Kikubaaqudgha
Nemelex Xobeh
Qazlal
Ru
Sif Muna
Trog
Uskayaw
Vehumet
Xom
Yredelemnul
The Shining One


Innate Abilities, Weirdness & Mutations

You have razor-sharp teeth.
Your natural rate of healing is unusually fast.
When hurt, damage is shared between your health and your magic reserves.
Your bite disrupts and absorbs the magic of your enemies.
Potions and wands cannot restore your health.
You are immune to rotting.


Message History

The centaur is almost dead.
The centaur shoots an arrow.
The arrow hits you.
* * * LOW HITPOINT WARNING * * *
You block the centaur's attack.
The centaur shoots an arrow.
The arrow hits you.
* * * LOW HITPOINT WARNING * * *
x2 The centaur misses you.
You riposte.
You hit the centaur.
You kill the centaur!
The centaur shoots an arrow.
You block the arrow.
Things that are here:
an uncursed shortbow; 9 arrows; a centaur corpse You have no ailments to cure.
You have no ailments to cure.
Okay, then.
Okay, then.
As you read the scroll labeled WUSENA COEKANA, it crumbles to dust.
It is a scroll of enchant weapon.
Your +0 long sword glows red for a moment.
The centaur shoots an arrow.
The arrow hits you!
You die...

.###.....#########
................
#####.....#######
.. #c....# ## #.
#.....###### .. #.
#........... ##.#.
#.....#####.
###....###c....##
.......@((.......#
.#..############.#
.# #


You could see a centaur.

Vanquished Creatures
  2 ice beasts (D:4)
  Purgy (D:3)
  A centaur (D:5)
  An ogre (D:4)
  A bullfrog (D:5)
  A scorpion (D:4)
  A crimson imp (D:4)
  A hound (D:5)
  An iguana (D:5)
  Natasha (thrice) (D:2)
  2 orc wizards (D:4)
  4 worker ants
  A hound skeleton (D:4)
  6 gnolls
  6 adders
  3 river rats (D:4)
  A shadow imp (D:5)
  4 oozes
  4 worms
  2 dart slugs
  9 leopard geckos
  16 orcs
  A ball python (D:3)
  4 giant cockroaches
  3 hobgoblins
  5 jackals
  6 quokkas
  7 bats
  6 frilled lizards
  7 goblins
  5 kobolds
  9 rats
124 creatures vanquished.

Notes
Turn   | Place    | Note
-------+----------+-------------------------------------------
     0 | D:1      | poirepourri the Vine Stalker Fighter began the quest for the Orb.
     0 | D:1      | Reached XP level 1. HP: 11/11 MP: 2/2
   172 | D:1      | Reached XP level 2. HP: 16/16 MP: 3/3
   630 | D:2      | Reached skill level 2 in Long Blades
   630 | D:2      | Reached XP level 3. HP: 8/20 MP: 4/4
   797 | D:2      | Noticed Natasha
   809 | D:2      | Killed Natasha
   809 | D:2      | Gained mutation: Your natural rate of healing is unusually fast. [Vine Stalker growth]
   809 | D:2      | Reached XP level 4. HP: 3/24 MP: 1/5
   969 | D:2      | Found a blossoming altar of Fedhas.
  1330 | D:2      | Noticed Natasha
  1338 | D:2      | Killed Natasha
  1338 | D:2      | Reached skill level 3 in Long Blades
  1338 | D:2      | Reached XP level 5. HP: 21/28 MP: 6/6
  1512 | D:2      | Found a glowing golden altar of the Shining One.
  1677 | D:2      | Noticed Natasha
  1683 | D:2      | Killed Natasha
  1963 | D:3      | Noticed Purgy
  1977 | D:3      | Killed Purgy
  1977 | D:3      | Reached skill level 1 in Dodging
  1977 | D:3      | Reached XP level 6. HP: 18/32 MP: 7/7
  2638 | D:4      | Found a staircase to the Ecumenical Temple.
  2638 | D:4      | Noticed an ice beast
  2642 | D:4      | Reached skill level 4 in Long Blades
  2657 | D:4      | Killed an ice beast
  2657 | D:4      | Reached XP level 7. HP: 37/37 MP: 8/8
  2716 | Temple   | Entered the Ecumenical Temple
  2760 | Temple   | Became a worshipper of Ashenzari the Shackled
  3169 | D:4      | Found a sacrificial altar of Ru.
  3169 | D:4      | Found a hazy altar of Hepliaklqana.
  3332 | D:4      | Reached skill level 5 in Long Blades
  3550 | D:5      | Entered Level 5 of the Dungeon
  3558 | D:4      | Gained mutation: You have razor-sharp teeth. [Vine Stalker growth]
  3558 | D:4      | Reached XP level 8. HP: 42/42 MP: 9/9
  3927 | D:5      | Identified Kukial's Papyrus of Igneous Clay
  3954 | D:5      | Shot with an arrow by a centaur

Skill      XL: |  1  2  3  4  5  6  7  8 |
---------------+-------------------------+-----
Fighting       | 3 4 |  4.2
Long Blades    | 2 3 4 5 |  5.5
Shields        | 3 4 |  4.5
Armour         | 3 4 |  4.6
Dodging        | 1 2 |  2.0
Stealth        | |  0.3

Action                   |  1- 3 |  4- 6 |  7- 9 || total
-------------------------+-------+-------+-------++-------
Melee: Long sword        |    64 |   156 |   184 ||   404
       Bite              |    16 |    50 |    59 ||   125
Invok: Curse Item        |       |       |     4 ||     4
  Use: Potion            |     1 |     2 |     1 ||     4
       Scroll            |       |     9 |     4 ||    13
  Eat: Bread ration      |       |     1 |     1 ||     2
       Meat ration       |       |     1 |       ||     1
Armor: Scale mail        |    38 |    76 |    62 ||   176
Dodge: Dodged            |    27 |    55 |    59 ||   141
Block: Shield            |    45 |    92 |    94 ||   231
       Rpst.: Long sword |     7 |    13 |    25 ||    45
